 Dungeon Crawl Stone Soup version 0.30-a0-748-ge6a52f7cba (webtiles) character file.

Game seed: 11326091378734534735

198 zero the Digger (level 5, 0/28 HPs)
             Began as a Gargoyle Earth Elementalist on Feb 8, 2023.
             Slain by an iguana (5 damage)
             ... on level 5 of the Dungeon.
             The game lasted 00:02:30 (2522 turns).

zero the Digger (Gargoyle Earth Elementalist)       Turns: 2522, Time: 00:02:30

Health: 0/28       AC:  7    Str: 11    XL:     5   Next: 76%
Magic:  10/11      EV: 11    Int: 18    God:
Gold:   154        SH:  0    Dex: 10    Spells: 8/12 levels left

rFire   . . .      SeeInvis .    n - +1 dagger (drain)
rCold   . . .      Faith    .    (no shield)
rNeg    + . .      Spirit   .    a - +0 robe
rPois   ∞          Reflect  .    k - +0 helmet
rElec   +          Harm     .    (no cloak)
rCorr   .          Rampage  .    (no gloves)
Will    +....                    (no boots)
Stlth   ++                       (no amulet)
HPRegen 0.24/turn                r - ring of willpower
MPRegen 0.12/turn                (no ring)

@: about to teleport
A: sickness immunity, AC +4, negative energy resistance 1, electricity
resistance, torment resistance 1, petrification resistance
a: no special abilities


You were on level 5 of the Dungeon.
You visited 1 branch of the dungeon, and saw 4 of its levels.

You collected 182 gold pieces.
You spent 28 gold pieces at shops.

Inventory:

Hand Weapons
 c - a +0 dagger
 n - a +1 dagger of draining (weapon)
Armour
 a - a +0 robe (worn)
 k - a +0 helmet (worn)
Magical Staves
 l - a staff of air
Jewellery
 r - a ring of willpower (left hand)
Wands
 s - a wand of flame (4) (quivered)
Scrolls
 e - a scroll of vulnerability {unknown}
 f - 2 scrolls of teleportation
 g - 2 scrolls of identify
 j - a scroll of silence {unknown}
 o - a scroll of fog {unknown}
 q - a scroll of fear {unknown}
 t - a scroll of brand weapon {unknown}
Potions
 b - a potion of magic
 d - a potion of attraction {unknown}
 h - a potion of resistance {unknown}
 i - 2 potions of lignification {unknown}
 m - a potion of flight {unknown}
 p - a potion of curing {unknown}
 u - a potion of might {unknown}


   Skills:
 - Level 1.5 Dodging
 - Level 2.1 Stealth
 * Level 4.0 Spellcasting
 + Level 2.1 Conjurations
 - Level 0.7 Transmutations
 + Level 5.2 Earth Magic


You had 8 spell levels left.
You knew the following spells:

 Your Spells              Type           Power      Damage    Failure   Level
a - Sandblast             Erth           44%        2d11      1%          1
b - Stone Arrow           Conj/Erth      32%        3d9       10%         3

Your spell library contained the following spells:

 Spells                   Type           Power      Damage    Failure   Level
 Passwall                 Tmut/Erth      11%        N/A       7%          2
 Petrify                  Tmut/Erth      14%        N/A       41%         4
 Dispel Undead            Necr           3%         3d7       82%         4
 Death Channel            Necr           1%         N/A       100%        6
 Cigotuvi's Dreadful Rot  Necr/Pois/Air  Unusable   N/A       N/A         2

Dungeon Overview and Level Annotations

Branches:
Dungeon (3/15)

Altars:
Cheibriados

Shops:
D:1 *


Innate Abilities, Weirdness & Mutations

You are immune to sickness and miasma.
Your stone body is resilient. (AC +4)
You are immune to poison.
You resist negative energy. (rN+)
You are resistant to electric shocks. (rElec)
You are resistant to unholy torment.
You are immune to petrification.


Message History

The scorpion misses you.
The puff of flame hits the scorpion.
The scorpion is moderately wounded.
The scorpion stings you.
The puff of flame misses the scorpion.
The puff of flame misses the iguana.
The puff of flame hits the hound.
The hound is lightly wounded.
The scorpion stings you but does no damage.
The scorpion closely misses you.
The puff of flame hits the scorpion.
The scorpion is heavily wounded.
The scorpion stings you but does no damage.
The puff of flame hits the scorpion.
The scorpion is heavily wounded.
The scorpion misses you.
The puff of flame hits the scorpion!
The scorpion is almost dead.
The sentinel's mark upon you fades away.
The scorpion stings you.
A necrophage comes into view.
The puff of flame hits the scorpion.
You kill the scorpion!
Your Spellcasting skill increases to level 4!
Your Conjurations skill increases to level 2!
The puff of flame misses the iguana.
The puff of flame misses the hound. x2
The puff of flame hits the scorpion.
The scorpion is moderately wounded.
The iguana bites you!
The puff of flame hits the iguana.
The iguana is lightly wounded.
The quokka closely misses you. The orc barely misses you. The iguana bites you!
You are too injured to fight recklessly!
You are too injured to fight recklessly!
Unknown command.
As you read the scroll of teleportation, it crumbles to dust.
You feel strangely unstable. The quokka misses you.
The orc hits you from afar with a +0 trident.
* * * LOW HITPOINT WARNING * * *
The iguana bites you.
You die...

##.....#.........
......#h.............
#..............
+..............
#..............
#h##......n.... #.#
####oW.....
#.######r......
#Wsshhl@.......
########.......
....... ......8
###+###


You could see a necrophage, 2 phantoms, 2 scorpions, an iguana, 2 hounds, an orc
and a quokka.

Vanquished Creatures
  A scorpion (D:5)
  An orc wizard (D:3)
  Robin (D:1)
  3 adders (D:2)
  A dart slug (D:1)
  3 orcs
  2 ball pythons
  3 bats (D:1)
  7 endoplasms
  2 giant cockroaches
  15 goblins
  8 hobgoblins
  4 jackals (D:3)
  4 kobolds
  2 quokkas
  6 frilled lizards
  5 rats
68 creatures vanquished.

Notes
Turn   | Place    | Note
-------+----------+-------------------------------------------
     0 | D:1      | zero the Gargoyle Earth Elementalist began the quest for
                  | the Orb.
     0 | D:1      | Reached XP level 1. HP: 10/10 MP: 3/3
   108 | D:1      | Reached skill level 4 in Earth Magic
   108 | D:1      | Reached XP level 2. HP: 6/15 MP: 1/5
   659 | D:1      | Reached XP level 3. HP: 19/19 MP: 3/6
   663 | D:1      | Learned a level 3 spell: Stone Arrow
   759 | D:1      | Found Dueshrywu's General Store.
   786 | D:1      | Bought a scroll of identify for 28 gold pieces
  1341 | D:2      | Reached skill level 1 in Conjurations
  1341 | D:2      | Reached XP level 4. HP: 24/24 MP: 6/8
  1439 | D:2      | Noticed Robin
  1540 | D:1      | Killed Robin
  1950 | D:2      | Found a snail-covered altar of Cheibriados.
  2267 | D:3      | Reached XP level 5. HP: 18/28 MP: 0/10
  2382 | D:3      | Reached skill level 5 in Earth Magic
  2475 | D:3      | You fall into a shaft and drop 2 floors!
  2475 | D:5      | Entered Level 5 of the Dungeon
  2476 | D:5      | Noticed a phantom
  2502 | D:5      | Noticed a phantom
  2522 | D:5      | Slain by an iguana

Illustrated notes

Levels and vault maps discovered:
D:1:      amcnicky_arrival_feature_with_door, layout_loops_ring, serial_shops,
          nicolae_square_shop, kennysheep_doodads, patterned_corridor
D:2:      layout_rooms, basic_altar, uniq_robin
D:3:      layout_rooms, lemuel_doored_altar, cheibrodos_sewer_entry_sluice,
          uniq_ijyb
D:5:      layout_basic, lemuel_round_altar, serial_shops,
          nicolae_shop_advertising_works [nicolae_subvault_shop_adworks],
          lightli_ossuary_entry_decrepit_ruins

Skill      XL: |  1  2  3  4  5 |
---------------+----------------+-----
Earth Magic    | 4 5 |  5.2
Spellcasting   | 3 4 |  4.0
Conjurations   | 1 2 |  2.1
Dodging        | |  1.5
Stealth        | |  2.1
Transmutations | |  0.7

Action                     |  1- 3 |  4- 6 || total
---------------------------+-------+-------++-------
  Melee: Unarmed           |     4 |       ||     4
         Dagger            |    31 |    20 ||    51
   Cast: Sandblast         |    33 |    43 ||    76
         Stone Arrow       |       |     4 ||     4
  Evoke: Wand              |       |     9 ||     9
    Use: Scroll            |       |     3 ||     3
   Stab: Sleeping          |       |     1 ||     1
 Armour: Robe              |    14 |    58 ||    72
  Dodge: Dodged            |    36 |    73 ||   109

Table legend: (Time is in decaauts)
 A = Elapsed time spent in this place.
 B = Non-inter-level travel time spent in this place.
 C = Inter-level travel time spent in this place.
 D = Time resting spent in this place.
 E = Time spent auto-exploring this place.
 F = Levels seen in this place.
 G = Mean time per level.
                   A        B        C        D        E       F      G
               +--------+--------+--------+--------+--------+-----+--------+
         Total |   2561 |   2489 |     72 |    284 |   1733 |   4 |  640.2 |
       Dungeon |   2561 |   2489 |     72 |    284 |   1733 |   4 |  640.2 |
               +--------+--------+--------+--------+--------+-----+--------+

Top non-repeatable levels by time:
     D:1: 1318 daAuts
     D:2: 816 daAuts
     D:3: 380 daAuts
     D:5: 46 daAuts
